 Dungeon Crawl Stone Soup version 0.29-a0-620-g13ace881f2 (webtiles) character file.

Game seed: 13460771522871470566

336 enile the Changer (level 6, 0/41 HPs)
             Began as an Octopode Conjurer on June 19, 2022.
             Was a Believer of the Shining One.
             Constricted to death by a ball python (1 damage)
             ... in a sewer.
             The game lasted 00:07:11 (5332 turns).

enile the Changer (Octopode Conjurer)               Turns: 5332, Time: 00:07:11

Health: 0/41       AC:  1    Str:  6    XL:     6   Next: 54%
Magic:  4/9        EV: 10    Int: 23    God:    the Shining One [**....]
Gold:   77         SH:  0    Dex: 10    Spells: 1/9 levels left

rFire   . . .      SeeInvis .     - Blade Hands
rCold   . . .      Faith    .   (shield currently unavailable)
rNeg    + . .      Spirit   .   (helmet restricted)
rPois   .          Reflect  .   (no amulet)
rElec   .          Harm     .   (no ring)
rCorr   .          Rampage  .   (no ring)
Will    .....                   (no ring)
Stlth   +.........              (no ring)
HPRegen 0.13/turn               (no ring)
MPRegen 0.11/turn               (no ring)
                                (no ring)
                                (no ring)

@: blade tentacles, glowing, constricted
A: almost no armour, amphibious, 8 rings, camouflage 1, gelatinous body 1,
(nimble swimmer 1), tentacles
a: End Transformation, Renounce Religion, Divine Shield


You were in a sewer.
You worshipped the Shining One.
The Shining One was pleased with you.
You had blades for main tentacles.
You visited 1 branch of the dungeon, and saw 5 of its levels.
You also visited: Sewer.

You collected 77 gold pieces.

Inventory:

Hand Weapons
 f - a +0 short sword (melded)
Missiles
 a - 5 boomerangs
Armour
 e - a +2 kite shield
Magical Staves
 r - a staff of poison
Scrolls
 c - a scroll of enchant armour {unknown}
 i - a scroll of enchant weapon {unknown}
 j - a scroll of fear {unknown}
 n - a scroll of acquirement {unknown}
 o - a scroll of vulnerability
Potions
 k - a potion of attraction
 m - 2 potions of mutation {unknown}
 p - a potion of flight {unknown}
 q - 2 potions of heal wounds {unknown}


   Skills:
 + Level 2.8 Fighting
 - Level 3.0 Dodging
 - Level 2.6 Stealth
 - Level 2.0 Spellcasting
 - Level 4.0 Conjurations
 - Level 5.0 Transmutations


You had one spell level left.
You knew the following spells:

 Your Spells              Type           Power      Damage    Failure   Level
a - Magic Dart            Conj           80%        1d7       24%         1
b - Searing Ray           Conj           40%        2d5       28%         2
c - Blade Hands           Tmut           12%        N/A       82%         5

Your spell library contained the following spells:

 Spells                   Type           Power      Damage    Failure   Level
 Beastly Appendage        Tmut           50%        N/A       19%         1
 Shock                    Conj/Air       44%        1d5       34%         1
 Wereblood                Tmut           25%        N/A       24%         2
 Static Discharge         Conj/Air       11%        N/A       43%         2
 Spider Form              Tmut/Pois      13%        N/A       54%         3
 Dazzling Flash           Conj/Hex       22%        N/A       58%         3
 Gell's Gravitas          Tloc           2%         N/A       78%         3
 Lesser Beckoning         Tloc           2%         N/A       78%         3
 Portal Projectile        Hex/Tloc       4%         N/A       78%         3
 Swiftness                Air            2%         N/A       78%         3
 Teleport Other           Tloc           2%         N/A       78%         3
 Tukima's Dance           Hex            2%         N/A       78%         3
 Fulminant Prism          Conj/Hex       5%         3d7       87%         4
 Iskenderun's Mystic Bla  Conj/Tloc      11%        2d4       87%         4
 Airstrike                Air            1%         N/A       97%         4
 Lightning Bolt           Conj/Air       5%         1d17      98%         5
 Maxwell's Capacitive Co  Air            1%         ∞         100%        8


Dungeon Overview and Level Annotations

Branches:
Dungeon (5/15)              Sewer (1/1)
 Temple: D:4-7

Altars:
Trog
The Shining One

Shops:
D:4 :

Annotations:
D:4 Blork the orc, Edmund, Eustachio


Innate Abilities, Weirdness & Mutations

You have blades for main tentacles.
Your spellcasting is less reliable in this form.
You are incapable of wielding weapons or throwing items.
You cannot wear most types of armour.
You are amphibious.
You can wear up to eight rings at the same time.
Your skin changes colour to match your surroundings (Stealth+).
Your rubbery body absorbs attacks. (AC +1, EV +1)
((You are camouflaged when in or above water. (Stealth+)))
You have tentacles for arms and can constrict up to eight enemies at once.


Message History

The ball python constricts you.
There are monsters nearby!
There are monsters nearby!
Casting: Blade Hands (potentially lethal; 41% risk of failure)
Confirm with . or Enter, or press ? or * to list all spells.
Your main tentacles turn into razor-sharp scythe blades.
Your +0 short sword melds into your body.
The ball python bites you but does no damage.
The ball python constricts you. The ball python bites you.
The ball python closely misses you. The ball python constricts you.
The ball python bites you. The rat misses you.
You slice the ball python!!
You kill the ball python!
The ball python barely misses you. The ball python grabs you.
The ball python constricts you. The rat bites you.
You hit the river rat but do no damage. You grab the river rat.
You constrict the river rat, but do no damage.
The ball python bites you. The ball python constricts you.
The river rat bites you! The rat closely misses you.
You hit the river rat.
The river rat is lightly wounded.
You constrict the river rat. The ball python bites you.
The ball python constricts you. The river rat bites you.
* * * LOW HITPOINT WARNING * * *
The rat bites you.
* * * LOW HITPOINT WARNING * * *
The ball python closely misses you. The ball python constricts you.
You hit the river rat but do no damage.
The river rat is lightly wounded.
You constrict the river rat. The river rat closely misses you.
The rat bites you but does no damage. The ball python bites you.
* * * LOW HITPOINT WARNING * * *
The ball python constricts you.
* * * LOW HITPOINT WARNING * * *
You hit the river rat but do no damage.
The river rat is moderately wounded.
You constrict the river rat. The river rat bites you!
* * * LOW HITPOINT WARNING * * *
The ball python barely misses you. The ball python constricts you.
You die...

#≈≈≈≈≈≈#
#≈≈≈≈.
#≈≈≈≈≈≈#
#≈≈≈≈≈
#≈≈#≈≈≈#
#≈≈≈≈≈
#≈≈≈≈≈≈#
#≈≈≈≈≈
#≈≈≈≈≈≈#
#≈≈≈≈≈
#≈≈≈≈≈≈#
#≈≈≈≈≈
#≈≈≈≈≈≈#
#≈≈≈≈≈
#≈≈≈†≈≈#
#≈≈≈≈≈
#.@....#
##....
#Srr...#
#.....
#......##
#..∩∩.
#.......#
#.....
........##
##....
........##
#####
#...######
####


You could see a river rat, a ball python and a rat.

Vanquished Creatures
  Sigmund (D:2)
  2 hounds (D:5)
  An adder (D:3)
  2 river rats
  A worm (D:3)
  5 dart slugs
  9 orcs
  3 endoplasms
  6 giant cockroaches
  3 goblins
  3 hobgoblins
  4 jackals (D:1)
  7 kobolds
  A quokka (D:1)
  9 ball pythons
  6 bats
  2 frilled lizards
  13 rats
78 creatures vanquished.

Notes
Turn   | Place    | Note
-------+----------+-------------------------------------------
     0 | D:1      | enile the Octopode Conjurer began the quest for the Orb.
     0 | D:1      | Reached XP level 1. HP: 11/11 MP: 3/3
   253 | D:1      | Reached skill level 1 in Fighting
   365 | D:1      | Reached XP level 2. HP: 17/18 MP: 1/5
   690 | D:1      | Learned a level 2 spell: Searing Ray
  1024 | D:1      | Found a faded altar of an unknown god.
  1169 | D:1      | Prayed at the altar of an unknown god.
  1169 | D:1      | Became a worshipper of the Shining One
  1169 | D:1      | Reached * piety under the Shining One
  1205 | D:2      | Identified the +1 chain mail "Niso" {rF+ Str-3 Int+7 Dex-5}
  1283 | D:2      | Found a bloodstained altar of Trog.
  1470 | D:2      | Reached XP level 3. HP: 24/24 MP: 4/6
  1573 | D:2      | Noticed Sigmund
  2736 | D:2      | You fall into a shaft and drop 1 floor!
  2841 | D:3      | Reached XP level 4. HP: 30/30 MP: 4/7
  3019 | D:3      | Reached skill level 1 in Transmutations
  3251 | D:3      | Noticed an ice beast
  3604 | D:2      | Killed Sigmund
  3605 | D:2      | Reached skill level 4 in Transmutations
  3605 | D:2      | Reached XP level 5. HP: 21/35 MP: 2/8
  3734 | D:2      | Learned a level 5 spell: Blade Hands
  3899 | D:4      | Noticed Blork the orc
  3955 | D:4      | Noticed Edmund
  3959 | D:4      | Noticed Eustachio
  4011 | D:4      | Reached XP level 6. HP: 37/41 MP: 9/9
  4368 | D:4      | Found Wixzuoc's Book Emporium.
  4630 | D:5      | Entered Level 5 of the Dungeon
  4772 | D:5      | Reached ** piety under the Shining One
  4882 | D:5      | Found a glowing drain.
  4907 | D:5      | Reached skill level 5 in Transmutations
  4937 | D:5      | Noticed a black bear
  4941 | Sewer    | Entered a sewer
  5332 | Sewer    | HP: 1/41 [river rat (8)]
  5332 | Sewer    | Constricted to death by a ball python

Illustrated notes

Levels and vault maps discovered:
D:1:      wander_arrival_abandoned_jail, layout_basic,
          shapermc_ecumenical_altar_mp_vishouse, serial_forest,
          infiniplex_forest_end_2, infiniplex_forest_clump_small,
          infiniplex_forest_straight_2, infiniplex_forest_lined_3_way,
          infiniplex_forest_straight_5
D:2:      layout_basic, basic_altar, nicolae_underground_beach, uniq_sigmund
D:3:      minmay_door_path, layout_basic, nicolae_figureground_sparkle
D:4:      layout_cave_pools, minmay_temple_entry_hall, serial_shops,
          nicolae_shop_hallway_plus, nicolae_shop_hallway_plus, shop, shop,
          nicolae_stop_n_shop_1, lemuel_flame_loot_1, uniq_edmund,
          uniq_blork_the_orc, uniq_eustachio
D:5:      layout_cave_pods, portal_sewer_entry_c
Sewer:    sewer_minmay_w

Skill      XL: |  1  2  3  4  5  6 |
---------------+-------------------+-----
Fighting       | 1 2 |  2.8
Dodging        | 3 |  3.0
Transmutations | 4 5 |  5.0
Stealth        | |  2.6
Spellcasting   | |  2.0
Conjurations   | |  4.0

Action                   |  1- 3 |  4- 6 || total
-------------------------+-------+-------++-------
Melee: Unarmed           |    16 |    13 ||    29
       Constrict         |     8 |    16 ||    24
       Short sword       |    11 |    51 ||    62
       Tentacles         |     6 |    13 ||    19
       Punch             |       |     1 ||     1
 Cast: Magic Dart        |    68 |    32 ||   100
       Searing Ray       |     2 |     5 ||     7
       Blade Hands       |       |     3 ||     3
  Use: Scroll            |       |     6 ||     6
       Potion            |       |     7 ||     7
Armor: Skin              |     6 |     6 ||    12
Dodge: Dodged            |    30 |    71 ||   101

Table legend: (Time is in decaauts)
 A = Elapsed time spent in this place.
 B = Non-inter-level travel time spent in this place.
 C = Inter-level travel time spent in this place.
 D = Time resting spent in this place.
 E = Time spent auto-exploring this place.
 F = Levels seen in this place.
 G = Mean time per level.
                   A        B        C        D        E       F      G
               +--------+--------+--------+--------+--------+-----+--------+
         Total |   5323 |   4747 |    576 |    319 |   3654 |   6 |  887.2 |
       Dungeon |   4932 |   4356 |    576 |    319 |   3340 |   5 |  986.4 |
         Sewer |    391 |    391 |      0 |      0 |    314 |   1 |  391.0 |
               +--------+--------+--------+--------+--------+-----+--------+

Top non-repeatable levels by time:
     D:3: 2376 daAuts
     D:1: 1193 daAuts
     D:2: 903 daAuts
   Sewer: 391 daAuts
     D:5: 295 daAuts
     D:4: 163 daAuts
